 Dungeon Crawl Stone Soup version 0.22-a0-185-ge330310 (webtiles) character file.

8070 mortelune the Frost Mage (level 11, -3/68 HPs)
             Began as a Demonspawn Ice Elementalist on Feb 15, 2018.
             Was a Follower of Ashenzari.
             Slain by an orc warrior
             ... wielding a +0 war axe
              (9 damage)
             ... on level 9 of the Dungeon on Feb 16, 2018.
             The game lasted 00:48:14 (19582 turns).

mortelune the Frost Mage (DsIE)                    Turns: 19582, Time: 00:48:15

Health: -3/68      AC: 15    Str:  8    XL:     11   Next: 5%
Magic:  2/23       EV: 13    Int: 21    God:    Ashenzari [*.....]
Gold:   424        SH:  0    Dex: 13    Spells: 12/26 levels left

rFire    . . .     SeeInvis +   l - +0 mace
rCold    . . .     Gourm    .   (no shield)
rNeg     . . .     Faith    .   z - +2 robe of the Other World {+Blink SInv} (curse)
rPois    +         Spirit   .   (helmet restricted)
rElec    .         Reflect  .   K - scarf {cloud immunity} (curse)
rCorr    .         Harm     .   p - +0 pair of gloves
MR       .....                  E - +0 pair of boots (curse)
Stlth    ++........             (no amulet)
HPRegen  0.21/turn              g - ring of see invisible
MPRegen  0.18/turn              s - ring of poison resistance (curse)

@: icy armour, slow
A: horns 2, thin metallic scales 1, powered by death 2
a: Curse Item, Scrying, Renounce Religion, Evoke Blink


You were on level 9 of the Dungeon.
You worshipped Ashenzari.
Ashenzari was aware of your devotion.
You were very hungry.

You visited 2 branches of the dungeon, and saw 11 of its levels.

You collected 424 gold pieces.

Inventory:

Hand Weapons
 d - the cursed +2 flail of the Blessed Realm {flame, rF+ Int+4}
   (You took it off a gnoll on level 5 of the Dungeon)

   It has been specially enchanted to burn those struck by it, causing extra
   injury to most foes and up to half again as much damage against particularly
   susceptible opponents.
   It affects your intelligence (+4).
   It protects you from fire.
   It has a curse placed upon it.
 k - a +0 spear
 l - a +0 mace (weapon)
Armour
 j - a +1 robe of positive energy
 p - a +0 pair of gloves (worn)
 z - the cursed +2 robe of the Other World (worn) {+Blink SInv}
   (You found it on level 9 of the Dungeon)

   It lets you see invisible.
   It lets you blink.
   It has a curse placed upon it.
 E - a cursed +0 pair of boots (worn)
 K - a cursed scarf of cloud immunity (worn)
Jewellery
 e - an uncursed ring of stealth
 g - a ring of see invisible (left hand)
 n - an uncursed ring of fire
 s - a cursed ring of poison resistance (right hand)
 w - an uncursed ring of stealth
 Q - a cursed +3 ring of strength
Wands
 u - a wand of flame (49)
 v - a wand of paralysis (19)
 x - a wand of random effects (84)
 D - a wand of polymorph (13)
 M - a wand of digging (2)
Scrolls
 a - 2 scrolls of fog {unknown}
 r - 2 scrolls of remove curse
 y - 3 scrolls of magic mapping {unknown}
 C - 2 scrolls of enchant armour {unknown}
 G - a scroll of identify
 H - 2 scrolls of immolation {unknown}
 I - a scroll of blinking
 J - a scroll of teleportation
 L - a scroll of amnesia {unknown}
 O - a scroll of fear {unknown}
 R - a scroll of summoning {unknown}
Potions
 f - a potion of agility
 h - 3 potions of heal wounds
 i - a potion of ambrosia
 m - 3 potions of lignification
 o - a potion of haste
 q - a potion of degeneration
 t - a potion of brilliance
 A - 4 potions of curing
 B - 3 potions of flight
 F - 3 potions of might
 N - a potion of mutation {unknown}
 P - 2 potions of cancellation
Books
 b - a book of Frost

   Spells                             Type                      Level
   a - Freeze                         Ice                          1
   b - Throw Frost                    Conjuration/Ice              2
   c - Ozocubu's Armour               Charms/Ice                   3
   d - Throw Icicle                   Conjuration/Ice              4
   e - Summon Ice Beast               Ice/Summoning                4
Comestibles
 c - 18 rations


   Skills:
 - Level 3.0 Dodging
 - Level 1.7 Stealth
 + Level 8.1 Spellcasting
 + Level 8.2 Conjurations
 * Level 11.1 Ice Magic
 + Level 2.4 Evocations


You had 12 spell levels left.
You knew the following spells:

 Your Spells              Type           Power        Failure   Level  Hunger
a - Freeze                Ice            ####         1%          1    None
b - Throw Frost           Conj/Ice       #####.       1%          2    None
c - Ozocubu's Armour      Chrm/Ice       ####....     2%          3    None
d - Throw Icicle          Conj/Ice       #####...     1%          4    ###....
e - Summon Ice Beast      Ice/Summ       ####....     8%          4    ###....


Dungeon Overview and Level Annotations

Branches:
Dungeon (10/15)            Temple (1/1) D:4
   Lair: D:8-11         Orc: D:9-12

Altars:
Ashenzari
Cheibriados
Elyvilon
Kikubaaqudgha
Okawaru
Qazlal
Ru
Trog
Vehumet
Wu Jian
Zin

Shops:
D:9 (


Innate Abilities, Weirdness & Mutations

You have a pair of horns on your head.
You are partially covered in thin metallic scales. (AC +2)
You regenerate health from kills.


Message History

Your ice beast hits the orc warrior but does no damage.
The orc warrior barely misses you.
The orc warrior closely misses your ice beast.
You hit the orc warrior.
The orc warrior is lightly wounded.
Your ice beast barely misses the orc warrior.
The orc warrior hits you with a war axe!
The orc warrior hits your ice beast with a war axe!
Your ice beast hits the orc warrior but does no damage.
You closely miss the orc warrior.
The orc warrior is lightly wounded.
Your ice beast misses the orc warrior.
The orc warrior hits you with a war axe!!
* * * LOW HITPOINT WARNING * * *
The orc warrior barely misses your ice beast.
You hit the orc warrior.
The orc warrior is lightly wounded.
Your ice beast hits the orc warrior but does no damage.
The orc warrior hits you with a war axe!
You die...

#........#.....####..##...#......
#....................[...........
###########'##########'#....#####
#...........##.........#....#
'...........##.........'..#.#
#...........##.........#..#.#
#...........##.........#..#.# ##
#..#####################....# #.
#..#..........>o@...#..###### #.
#..#.....###...Y....'..# #.
#..#..#..# #........#..# #.
#..#..#..# #...####.#..# #####
#..#..#..# #...# #.#..# #....
#..#..#..###...####.#..# #....
####................##########'##
##########'######'###............
......#.......#.....#..##......##


You could see an orc warrior and a friendly ice beast.

Vanquished Creatures
  A two-headed ogre (D:10)
  Pikel (D:4)
  The ghost of Gorglomux the Skirmisher, a novice HuSk (D:4)
  A troll (D:10)
  Grinder (D:5)
  Sigmund (D:5)
  2 wyverns
  A yak (D:9)
  A steam dragon (D:7)
  3 ice beasts
  4 orc warriors
  A phantom (D:10)
  A black bear (D:7)
  2 sky beasts
  4 centaurs
  2 ogres (D:6)
  2 bullfrogs
  2 scorpions
  3 killer bees
  2 wights (D:10)
  2 howler monkeys
  2 centaur zombies
  A quasit (D:10)
  A bullfrog zombie (D:5)
  4 crimson imps
  9 jellies
  8 orc priests
  5 hounds
  8 orc wizards
  3 bullfrog skeletons
  7 worker ants
  A killer bee zombie (D:5)
  2 hound skeletons
  A worker ant zombie (D:6)
  Robin (D:4)
  11 gnolls
  13 adders
  2 shadow imps
  5 oozes (D:8)
  5 worms
  A dart slug (D:2)
  4 leopard geckos
  31 orcs
  A ball python (D:3)
  8 bats
  10 giant cockroaches
  15 goblins
  8 hobgoblins
  10 jackals
  7 kobolds
  2 quokkas
  3 frilled lizards
  2 leopard gecko zombies
  4 rats
233 creatures vanquished.

Vanquished Creatures (collateral kills)
  2 two-headed ogres
  A troll (D:9)
  The ghost of mortelune the Chiller, an amateur DsIE (D:5)
  4 yaks (D:9)
  A hungry ghost (D:7)
  An ice beast (D:7)
  An ogre (D:4)
  A bullfrog (D:10)
  A wight (D:10)
  A shadow imp (D:7)
  A goblin (D:4)
15 creatures vanquished.

Vanquished Creatures (others)
  Duvessa (D:4)
  3 slaves (D:4)
  Dowan (D:4)
  A ball python (D:4)
6 creatures vanquished.

Grand Total: 254 creatures vanquished

Notes
Turn   | Place    | Note
-------+----------+-------------------------------------------
     0 | D:1      | mortelune the Demonspawn Ice Elementalist began the quest for the Orb.
     0 | D:1      | Reached XP level 1. HP: 13/13 MP: 3/3
   556 | D:1      | Gained mutation: You regenerate a little health from kills. [demonic ancestry]
   556 | D:1      | Reached XP level 2. HP: 19/19 MP: 3/5
   560 | D:1      | Learned a level 2 spell: Throw Frost
  1017 | D:2      | Reached skill level 3 in Ice Magic
  1460 | D:2      | Reached XP level 3. HP: 24/24 MP: 3/6
  2184 | D:2      | Gained mutation: You are partially covered in thin metallic scales. (AC +2) [demonic ancestry]
  2184 | D:2      | Reached XP level 4. HP: 30/30 MP: 4/8
  2744 | D:3      | Learned a level 3 spell: Ozocubu's Armour
  3794 | D:3      | Reached XP level 5. HP: 29/35 MP: 1/9
  3862 | D:4      | Noticed a phantom
  3865 | D:4      | Reached skill level 4 in Ice Magic
  4418 | D:4      | Found a radiant altar of Vehumet.
  4458 | D:4      | Noticed a slave
  4459 | D:4      | Noticed a slave
  4482 | D:4      | Noticed Dowan
  4485 | D:4      | Noticed Duvessa
  4540 | D:5      | Entered Level 5 of the Dungeon
  4546 | D:5      | Learned a level 4 spell: Summon Ice Beast
  4560 | D:5      | Gained mutation: You have a pair of small horns on your head. [demonic ancestry]
  4560 | D:5      | Reached XP level 6. HP: 30/41 MP: 8/11
  4827 | D:5      | Noticed a two-headed ogre
  4871 | D:5      | Noticed mortelune's ghost (amateur DsIE)
  4908 | D:5      | Found a glowing silver altar of Zin.
  4947 | D:6      | Found an iron altar of Okawaru.
  4954 | D:6      | Noticed an ice beast
  5112 | D:5      | Reached skill level 5 in Ice Magic
  5301 | D:5      | Noticed Grinder
  5308 | D:5      | Paralysed by Grinder for 3 turns
  5320 | D:4      | Noticed Gorglomux's ghost (novice HuSk)
  5343 | D:4      | Noticed Robin
  5516 | D:5      | Gained mutation: You have a pair of horns on your head. [demonic ancestry]
  5516 | D:5      | Reached XP level 7. HP: 38/46 MP: 7/12
  5592 | D:5      | Killed mortelune's ghost
  6100 | D:5      | Learned a level 4 spell: Throw Icicle
  6177 | D:5      | Reached skill level 6 in Ice Magic
  6558 | D:5      | Got a translucent flail {flame}
  6559 | D:5      | Identified the +2 flail of the Blessed Realm {flame, rF+ Int+4} (You took it off a gnoll on level 5 of the Dungeon)
  6992 | D:4      | Found a bloodstained altar of Trog.
  6993 | D:4      | Found a sacrificial altar of Ru.
  7002 | D:4      | Found an iron altar of Okawaru.
  7003 | D:4      | Found an ancient bone altar of Kikubaaqudgha.
  7130 | D:4      | Found a staircase to the Ecumenical Temple.
  7139 | Temple   | Entered the Ecumenical Temple
  7170 | Temple   | Became a worshipper of Ashenzari the Shackled
  7237 | D:4      | Noticed Pikel
  7246 | D:4      | Killed Pikel
  7246 | D:4      | Reached skill level 5 in Spellcasting
  7246 | D:4      | Reached XP level 8. HP: 21/52 MP: 2/15
  7565 | D:4      | Killed Dowan
  7615 | D:4      | Reached skill level 7 in Ice Magic
  7702 | D:4      | Killed Gorglomux's ghost
  7702 | D:4      | Reached skill level 5 in Conjurations
  7820 | D:4      | Killed Duvessa
  7980 | D:4      | Killed Robin
  8854 | D:5      | Noticed Sigmund
  9220 | D:5      | Reached XP level 9. HP: 20/57 MP: 12/17
  9430 | D:5      | Reached skill level 8 in Ice Magic
 11649 | D:7      | Found a snail-covered altar of Cheibriados.
 11924 | D:7      | Reached skill level 9 in Ice Magic
 12812 | D:7      | Found a stormy altar of Qazlal.
 13003 | D:7      | Found a white marble altar of Elyvilon.
 13628 | D:8      | Reached * piety under Ashenzari
 13971 | D:8      | Reached XP level 10. HP: 33/63 MP: 0/20
 15120 | D:5      | Paralysed by Grinder for 6 turns
 15135 | D:5      | Paralysed by Grinder for 7 turns
 15153 | D:5      | Killed Grinder
 15325 | D:5      | Killed Sigmund
 15464 | D:5      | Killed a two-headed ogre
 15464 | D:5      | Reached skill level 10 in Ice Magic
 16058 | D:9      | HP: 3/63 [orc priest/divine providence (13)]
 16958 | D:9      | Got the uncursed scale mail of Wogisk {rElec Dex+3 Stlth-}
 16969 | D:9      | Identified the +2 scale mail of Wogisk {rElec Dex+3 Stlth-} (You found it on level 9 of the Dungeon)
 17508 | D:9      | Found an ornate altar of the Wu Jian Council.
 17637 | D:9      | Got the uncursed robe of the Other World {+Blink SInv}
 17648 | D:9      | Identified the +2 robe of the Other World {+Blink SInv} (You found it on level 9 of the Dungeon)
 17876 | D:9      | Found Firr's Weapon Shop.
 18143 | D:10     | Entered Level 10 of the Dungeon
 18168 | D:10     | Noticed a two-headed ogre
 18520 | D:10     | Reached skill level 1 in Evocations
 18694 | D:10     | Killed a two-headed ogre
 19251 | D:10     | Noticed a two-headed ogre
 19257 | D:10     | Killed a two-headed ogre
 19257 | D:10     | Reached skill level 11 in Ice Magic
 19280 | D:9      | Gained mutation: You regenerate health from kills. [demonic ancestry]
 19280 | D:9      | Reached XP level 11. HP: 18/68 MP: 0/23
 19582 | D:9      | Slain by an orc warrior

Vault maps used:
D:1:      minmay_arrival_three_doors
D:2:      first_ration, serial_forest, infiniplex_forest_straight_4,
          infiniplex_forest_clump_diagonal, infiniplex_forest_end_2,
          infiniplex_forest_clump_long, infiniplex_forest_lined_room_2,
          infiniplex_forest_lined_1, infiniplex_forest_clump_curved
D:4:      minitemple, vehumet_altar_wand_db, minmay_temple_entry_fiery,
          st_stairs_5, grunt_ministairs_9, uniq_pikel, uniq_robin, uniq_duvessa
D:5:      zin_scriptorium, uniq_grinder, uniq_sigmund
D:6:      okawaru_ov_weapons_minmay
D:7:      kennysheep_mini, cheibriados_altar_1, grunt_qazlal_clouds
D:8:      minmay_parallelograms, hangedman_little_slice_of_home
D:9:      marbit_many_paths, serial_shops, shop
D:10:     orc_0_dummy, special_room
Temple:   nicolae_temple_figure_eight

Skill      XL: |  1  2  3  4  5  6  7  8  9 10 |
---------------+-------------------------------+-----
Dodging        | 2 3 |  3.0
Ice Magic      | 3 4 5 6 7 9 11 | 11.1
Spellcasting   | 3 5 6 8 |  8.1
Conjurations   | 2 3 4 5 6 8 |  8.2
Evocations     | 2 |  2.4
Stealth        | |  1.7

Action                   |  1- 3 |  4- 6 |  7- 9 | 10-12 || total
-------------------------+-------+-------+-------+-------++-------
Melee: Unarmed           |     2 |       |       |       ||     2
       Mace              |     3 |    28 |   181 |    59 ||   271
       Flail             |       |       |    52 |       ||    52
       Headbutt          |       |       |    45 |     6 ||    51
 Cast: Freeze            |    51 |    80 |   201 |   114 ||   446
       Throw Frost       |     9 |    32 |    56 |    19 ||   116
       Ozocubu's Armour  |       |     1 |    14 |     8 ||    23
       Summon Ice Beast  |       |       |    17 |    15 ||    32
       Throw Icicle      |       |       |    10 |    47 ||    57
Invok: Curse Item        |       |       |     4 |     1 ||     5
  Use: Scroll            |       |     8 |     3 |     3 ||    14
       Potion            |       |       |     4 |     2 ||     6
 Stab: Distracted        |       |       |     1 |     1 ||     2
  Eat: Chunk             |     4 |     8 |    17 |    15 ||    44
       Ration            |       |     1 |     6 |     2 ||     9
Armor: Robe              |    10 |    28 |   184 |    48 ||   270
Dodge: Dodged            |    22 |    89 |   322 |   132 ||   565

Table legend:
 A = Spawn XP
 B = Non-spawn XP
 C = Spawn XP percentage of total XP
 D = Spawn monster count
 E = Non-spawn monster count
 F = Spawn count percentage of total count
 G = Total turns spent on level
                    A         B        C        D         E        F      G
               +---------+---------+-------+---------+---------+-------+---------
         Total |       0 |   11529 |   0.0 |       0 |     248 |   0.0 | 19582
               +---------+---------+-------+---------+---------+-------+---------
           D:1 |       0 |      16 |   0.0 |       0 |      10 |   0.0 |  1269
           D:2 |       0 |      96 |   0.0 |       0 |      27 |   0.0 |  1281
           D:3 |       0 |     104 |   0.0 |       0 |      19 |   0.0 |  1693
           D:4 |       0 |    1423 |   0.0 |       0 |      32 |   0.0 |  2603
           D:5 |       0 |    2207 |   0.0 |       0 |      45 |   0.0 |  3613
           D:6 |       0 |     878 |   0.0 |       0 |      23 |   0.0 |  1817
           D:7 |       0 |    1419 |   0.0 |       0 |      24 |   0.0 |  1651
           D:8 |       0 |     836 |   0.0 |       0 |      23 |   0.0 |  2111
           D:9 |       0 |    1849 |   0.0 |       0 |      21 |   0.0 |  2730
          D:10 |       0 |    2701 |   0.0 |       0 |      24 |   0.0 |   768
               +---------+---------+-------+---------+---------+-------+---------
